 Dungeon Crawl Stone Soup version 0.23.1 (webtiles) character file.

Game seed: 4208776531758773992

107 Norn the Poker (level 4, 0/34 HPs)
             Began as a Merfolk Skald on Mar 10, 2019.
             Slain by a gnoll
             ... wielding a +0 whip
              (6 damage)
             ... on level 2 of the Dungeon.
             The game lasted 00:06:40 (2969 turns).

Norn the Poker (Merfolk Skald)                      Turns: 2969, Time: 00:06:40

Health: 0/34       AC:  3    Str: 11    XL:     4   Next: 86%
Magic:  0/7        EV: 12    Int: 13    God:
Gold:   172        SH:  0    Dex: 13    Spells: 1/7 levels left

rFire    . . .     SeeInvis .   a - +0 spear
rCold    . . .     Gourm    .   (no shield)
rNeg     . . .     Faith    .   b - +0 leather armour
rPois    .         Spirit   .   (no helmet)
rElec    .         Reflect  .   (no cloak)
rCorr    .         Harm     .   (no gloves)
MR       .....                  (no boots)
Stlth    +.........             (no amulet)
HPRegen  0.11/turn              (no ring)
MPRegen  0.10/turn              (no ring)

@: infused, very slightly contaminated
A: change form in water, swift swim, stealthy swim
a: no special abilities


You were on level 2 of the Dungeon.
You were hungry.

You visited 1 branch of the dungeon, and saw 3 of its levels.

You collected 172 gold pieces.

Inventory:

Hand Weapons
 a - a +0 spear (weapon)
Armour
 b - a +0 leather armour (worn)
 h - a +0 helmet
   (You found it on level 2 of the Dungeon)
 r - a +4 chain mail
   (You took it off an orc on level 3 of the Dungeon)
Jewellery
 n - a cursed ring of attention {unknown}
   (You found it on level 2 of the Dungeon)
 p - a +2 amulet of reflection {unknown}
   (You found it on level 3 of the Dungeon)
Wands
 o - a wand of clouds (5)
   (You found it on level 2 of the Dungeon)
Scrolls
 c - 5 scrolls of identify {unknown}
 d - 2 scrolls of fear {unknown}
 g - 2 scrolls of fog {unknown}
 i - 5 scrolls of remove curse {unknown}
 j - 6 scrolls of teleportation {unknown}
 k - a scroll of enchant armour {unknown}
 l - a scroll of immolation {unknown}
 m - a scroll of enchant weapon {unknown}
 s - a scroll of blinking {unknown}
 t - a scroll of random uselessness {unknown}
Potions
 q - 2 potions of curing {@q1}
Comestibles
 e - 8 rations {!d}
 f - 3 chunks of flesh


   Skills:
 + Level 2.5 Fighting
 * Level 6.2 Polearms
 - Level 0.6 Armour
 + Level 3.1 Dodging
 - Level 2.0 Spellcasting
 + Level 1.0 Hexes
 + Level 3.4 Charms


You had one spell level left.
You knew the following spells:

 Your Spells              Type           Power        Failure   Level  Hunger
a - Infusion              Chrm           ##..         9%          1    ##.....
q - Shroud of Golubria    Chrm/Tloc      #.........   26%         2    ###....
t - Spectral Weapon       Hex/Chrm       #.......     38%         3    ####...

Your spell library contained the following spells:

 Spells                   Type           Power        Failure   Level  Hunger
 Song of Slaying          Chrm           ##......     12%         2    ###....
 Regeneration             Chrm/Necr      #.........   45%         3    ####...


Dungeon Overview and Level Annotations

Branches:
Dungeon (3/15)

Altars:
Xom
The Shining One


Message History

Found a stone staircase leading up.
An orc is nearby!
An orc is nearby! 2 gnolls come into view.
The gnoll shouts!
The gnoll moves out of view.
You begin infusing your attacks with magical energy.
You hit the orc. The orc hits you but does no damage.
You closely miss the orc. The orc hits you with a +0 war axe.
You hit the orc. You barely miss the orc. The orc closely misses you.
You hit the orc but do no damage. The orc barely misses you.
You hit the orc but do no damage. You hit the orc.
You kill the orc!
Your Hexes skill increases to level 1!
You barely miss the gnoll. You barely miss the gnoll. The gnoll misses you.
You hit the gnoll. The gnoll misses you.
You hit the gnoll but do no damage. The gnoll hits you with a +0 whip.
You completely miss the gnoll. The gnoll hits you with a +0 whip!
* * * LOW HITPOINT WARNING * * *
Your magical infusion is running out.
You are no longer magically infusing your attacks.
A gnoll comes into view. It is wielding a +0 club.
There is a stone staircase leading up here.
The gnoll barely misses you.
You climb upwards.
There is a stone staircase leading down here.
The gnoll hits you with a +0 whip.
You see here a +1 dagger of speed.
You miscast Shroud of Golubria.
You are very lightly contaminated with residual magic.
The air around you crackles with energy!
The gnoll hits you with a +0 whip!
* * * LOW HITPOINT WARNING * * *
Space distorts slightly along a thin shroud covering your body.
Your shroud bends the gnoll's attack away!
You begin infusing your attacks with magical energy.
You are feeling hungry.
Your shroud bends the gnoll's attack away.
You hit the gnoll. The gnoll hits you but does no damage.
You hit the gnoll. The gnoll hits you with a +0 whip.
* * * LOW HITPOINT WARNING * * *
Your shroud falls apart!
You closely miss the gnoll. The gnoll hits you with a +0 whip.
* * * LOW HITPOINT WARNING * * *
You hit the gnoll. You hit the gnoll. The gnoll hits you with a +0 whip.
You die...

.#.........# #.## ##..###.
........##.# ##.###.#.....
#####...##.# ##.#.####...
#...##..##.####### ##.## ##..
....###.##.......# #.# ##.
≈.#..≈####.#####.# #.# #.
≈#≈.⌠≈.###.#####.#### #.# #>
###.#..#.......#.##.## #.# ##'
.#..≈..###...#.#@#.#.###.# ##..
.^≈.≈#.###.#.#.#g.###....# ##...
.#≈≈...#.#.#.#.#.#.#.#.### ##....
≈.⌠.#.)(...#.#.#.##.#...####.....
.≈.≈#≈##...(..)..................
##.##≈##..##.######.#.>.####.....
##...#.#.#...# #.##.######....
..≈....###.### #.......# #..<.
#.≈.#.## #.# ####.##.# #.#..


You could see a gnoll.

Vanquished Creatures
  4 adders
  A worm (D:2)
  3 dart slugs
  2 leopard geckos (D:3)
  3 orcs (D:3)
  2 ball pythons (D:2)
  3 giant cockroaches
  9 goblins
  5 hobgoblins
  4 jackals (D:3)
  6 kobolds
  A quokka (D:2)
  5 bats
  3 frilled lizards (D:1)
  9 rats
60 creatures vanquished.

Vanquished Creatures (others)
  2 plants (D:1)
2 creatures vanquished.

Grand Total: 62 creatures vanquished

Notes
Turn   | Place    | Note
-------+----------+-------------------------------------------
     0 | D:1      | Norn the Merfolk Skald began the quest for the Orb.
     0 | D:1      | Reached XP level 1. HP: 16/16 MP: 3/3
   360 | D:1      | Reached skill level 4 in Polearms
   360 | D:1      | Reached XP level 2. HP: 21/22 MP: 5/5
  1338 | D:2      | Reached skill level 5 in Polearms
  1338 | D:2      | Reached XP level 3. HP: 24/27 MP: 0/6
  1442 | D:2      | Found a shimmering altar of Xom.
  1666 | D:2      | Learned a level 3 spell: Spectral Weapon
  1792 | D:2      | Found a glowing golden altar of the Shining One.
  1880 | D:2      | Reached XP level 4. HP: 14/33 MP: 2/7
  2080 | D:2      | Learned a level 2 spell: Shroud of Golubria
  2546 | D:3      | Reached skill level 6 in Polearms
  2878 | D:3      | Reached skill level 1 in Hexes
  2969 | D:2      | Slain by a gnoll

Skill      XL: |  1  2  3  4 |
---------------+-------------+-----
Polearms       | 4 5 6 |  6.2
Dodging        | 3 |  3.1
Hexes          | 1 |  1.0
Fighting       | |  2.5
Armour         | |  0.6
Spellcasting   | |  2.0
Charms         | |  3.4

Action                   |  1- 3 |  4- 6 || total
-------------------------+-------+-------++-------
Melee: Spear             |   134 |   105 ||   239
 Cast: Infusion          |    13 |    10 ||    23
       Shroud of Golubri |       |     2 ||     2
  Use: Potion            |       |     1 ||     1
  Eat: Chunk             |     3 |     4 ||     7
Armor: Leather armour    |    18 |    16 ||    34
Dodge: Dodged            |    56 |    56 ||   112
